 Dungeon Crawl Stone Soup version 0.23.2 (webtiles) character file.

Game seed: 9893630533100418491

2013 Fang the Skirmisher (level 9, -6/57 HPs)
             Began as a Gargoyle Berserker on Apr 8, 2019.
             Was an Elder of Trog.
             Mangled by an unseen horror (7 damage)
             ... on level 7 of the Dungeon.
             The game lasted 00:07:56 (5965 turns).

Fang the Skirmisher (Gargoyle Berserker)            Turns: 5965, Time: 00:07:57

Health: -6/57      AC: 16    Str: 24    XL:     9   Next: 22%
Magic:  9/9        EV: 10    Int: 12    God:    Trog [****..]
Gold:   330        SH:  0    Dex:  9    Spells: 8/8 levels left

rFire    . . .     SeeInvis .   a - +0 war axe
rCold    . . .     Gourm    .   (no shield)
rNeg     + . .     Faith    .   b - +0 chain mail
rPois    ∞         Spirit   .   (no helmet)
rElec    +         Reflect  .   (no cloak)
rCorr    .         Harm     .   (no gloves)
MR       .....                  (no boots)
Stlth    ..........             (no amulet)
HPRegen  0.19/turn              q - +4 ring of intelligence
MPRegen  0.11/turn              (no ring)

@: no status effects
A: negative energy resistance 1, electricity resistance, unbreathing,
petrification resistance, rot immunity, AC +6
a: Berserk, Trog's Hand, Brothers in Arms, Renounce Religion


You were on level 7 of the Dungeon.
You worshipped Trog.
Trog was greatly pleased with you.
You were hungry.

You visited 2 branches of the dungeon, and saw 8 of its levels.

You collected 330 gold pieces.

Inventory:

Hand Weapons
 a - a +0 war axe (weapon)
Armour
 b - a +0 chain mail (worn)
Jewellery
 q - a +4 ring of intelligence (left hand)
Scrolls
 f - 4 scrolls of teleportation {unknown}
 h - 4 scrolls of enchant weapon {unknown}
 j - 5 scrolls of immolation {unknown}
 l - 2 scrolls of fog {unknown}
 o - 2 scrolls of enchant armour {unknown}
 p - 4 scrolls of remove curse {unknown}
 t - 2 scrolls of fear {unknown}
 u - a scroll of amnesia {unknown}
 w - 4 scrolls of identify {unknown}
 x - a scroll of holy word {unknown}
 y - a scroll of noise {unknown}
Potions
 d - 2 potions of might {unknown}
 e - a potion of magic {unknown}
 g - 3 potions of flight {unknown}
 i - 3 potions of agility {unknown}
 k - 2 potions of haste {unknown}
 m - a potion of mutation {unknown}
 n - 3 potions of curing {unknown}
 r - 2 potions of heal wounds {unknown}
 s - 3 potions of degeneration {unknown}
 v - 3 potions of berserk rage {unknown}
 z - a potion of brilliance {unknown}
Comestibles
 c - 7 rations


   Skills:
 + Level 7.2 Fighting
 + Level 6.0 Axes
 + Level 6.7 Armour
 + Level 5.1 Dodging


You had 8 spell levels left.
You didn't know any spells.
Your spell library was empty.

Dungeon Overview and Level Annotations

Branches:
Dungeon (7/15)             Temple (1/1) D:6

Altars:
Gozag
Trog


Innate Abilities, Weirdness & Mutations

You are resistant to torment.
Your stone body is resilient. (AC +6)
You are immune to poison.
You resist negative energy. (rN+)
You are resistant to electric shocks. (rElec)
You can survive without breathing.
You are immune to petrification.
You are immune to rotting.


Message History

Your chain mail prevents you from hitting something.
Something hits you but does no damage. Something hits you.
* * * LOW HITPOINT WARNING * * *
You miss something. Something hits you but does no damage. Something hits you.
* * * LOW HITPOINT WARNING * * *
You hit something. Something hits you but does no damage.
You swing at nothing.
Something hits you.
* * * LOW HITPOINT WARNING * * *
Something hits you but does no damage.
You closely miss something. Something hits you but does no damage.
You swing at nothing.
Something hits you but does no damage.
You swing at nothing.
Something hits you but does no damage.
You closely miss something. Something hits you but does no damage.
You swing at nothing.
Something hits you but does no damage.
You barely miss something. Something hits you but does no damage.
Something hits you.
* * * LOW HITPOINT WARNING * * *
Something hits you but does no damage.
You miss something. Something hits you but does no damage. Something hits you!
You die...

... ... ... #.# #.# #.# #.#
#@# ########.# #........#
#.#####..# #.# ###..### ###
#####.###......# ##.##
#.........#..#.########.#.##
#.###.#####..............#.#
#####.###.#
#.....########...##


There were no monsters in sight!

Vanquished Creatures
  Edmund (D:5)
  A water moccasin (D:6)
  A sky beast (D:5)
  2 ice beasts (D:7)
  An orc warrior (D:7)
  A necrophage (D:5)
  3 ogres
  3 bullfrogs
  2 scorpions
  3 wights (D:3)
  A bullfrog zombie (D:5)
  2 orc priests (D:4)
  A bullfrog skeleton (D:5)
  A hound (D:5)
  Jessica (D:2)
  An iguana (D:5)
  4 worker ants
  4 orc wizards
  2 hound zombies
  5 adders
  4 gnolls (D:4)
  2 oozes
  3 adder skeletons
  An adder zombie (D:5)
  2 worms
  3 dart slugs
  3 leopard geckos
  11 orcs
  7 giant cockroaches
  7 hobgoblins
  17 jackals
  2 quokkas (D:7)
  3 ball pythons
  A ball python zombie (D:5)
  11 bats
  7 frilled lizards
  A giant cockroach zombie (D:5)
  4 goblins
  A jackal skeleton (D:5)
  8 kobolds
  A quokka skeleton (D:7)
  A quokka zombie (D:7)
  3 rats
143 creatures vanquished.

Vanquished Creatures (others)
  A wizard (D:7)
1 creature vanquished.

Grand Total: 144 creatures vanquished

Notes
Turn   | Place    | Note
-------+----------+-------------------------------------------
     0 | D:1      | Fang the Gargoyle Berserker began the quest for the Orb.
     0 | D:1      | Reached XP level 1. HP: 14/14 MP: 1/1
    31 | D:1      | Reached XP level 2. HP: 9/19 MP: 2/2
   450 | D:1      | Reached XP level 3. HP: 18/23 MP: 3/3
   551 | D:1      | Reached ** piety under Trog
  1178 | D:2      | Noticed Jessica
  1183 | D:2      | Killed Jessica
  1183 | D:2      | Reached XP level 4. HP: 22/29 MP: 4/4
  1352 | D:2      | Reached skill level 4 in Fighting
  1931 | D:3      | Reached XP level 5. HP: 16/33 MP: 5/5
  1940 | D:3      | Reached XP level 6. HP: 8/39 MP: 6/6
  2700 | D:3      | Found a bloodstained altar of Trog.
  2863 | D:4      | Reached *** piety under Trog
  2868 | D:4      | Reached skill level 5 in Fighting
  3132 | D:4      | Reached XP level 7. HP: 32/44 MP: 7/7
  3397 | D:5      | Entered Level 5 of the Dungeon
  3641 | D:5      | Reached skill level 5 in Armour
  3774 | D:5      | Reached XP level 8. HP: 37/51 MP: 8/8
  3900 | D:5      | Noticed Edmund
  3916 | D:5      | Killed Edmund
  3916 | D:5      | Reached skill level 6 in Fighting
  3916 | D:5      | Reached skill level 5 in Axes
  3952 | D:5      | Reached **** piety under Trog
  4762 | D:6      | Found a staircase to the Ecumenical Temple.
  4781 | Temple   | Entered the Ecumenical Temple
  5165 | D:6      | Reached XP level 9. HP: 46/56 MP: 9/9
  5313 | D:7      | Reached skill level 7 in Fighting
  5354 | D:7      | Found a bloodstained altar of Trog.
  5355 | D:7      | Noticed a wizard
  5361 | D:7      | Killed a wizard
  5417 | D:7      | Reached skill level 5 in Dodging
  5964 | D:7      | HP: 1/57 [something (5)]
  5965 | D:7      | Mangled by an unseen horror

Skill      XL: |  1  2  3  4  5  6  7  8  9 |
---------------+----------------------------+-----
Axes           | 3 4 5 6 |  6.0
Dodging        | 2 3 4 5 |  5.1
Armour         | 3 4 5 6 |  6.7
Fighting       | 4 5 6 7 |  7.2

Action                   |  1- 3 |  4- 6 |  7- 9 || total
-------------------------+-------+-------+-------++-------
Melee: Hand axe          |   139 |   160 |       ||   299
       War axe           |       |    13 |   279 ||   292
Invok: Berserk           |       |     2 |     2 ||     4
  Eat: Chunk             |     1 |     8 |    11 ||    20
Armor: Animal skin       |    67 |       |       ||    67
       Chain mail        |     3 |   102 |   219 ||   324
Dodge: Dodged            |   123 |    92 |   148 ||   363
